 Dungeon Crawl Stone Soup version 0.29-a0-653-gd47aff6735 (webtiles) character file.

Game seed: 16414796948276053145

63 DocClef the Caller (level 4, -2/24 HPs)
             Began as a Tengu Summoner on June 21, 2022.
             Slain by Robin
             ... wielding a +0 dagger
              (3 damage)
             ... on level 3 of the Dungeon.
             The game lasted 00:04:18 (3061 turns).

DocClef the Caller (Tengu Summoner)                 Turns: 3061, Time: 00:04:19

Health: -2/24      AC:  3    Str:  8    XL:     4   Next: 9%
Magic:  6/8        EV: 12    Int: 18    God:
Gold:   91         SH:  0    Dex: 14    Spells: 4/7 levels left

rFire   . . .      SeeInvis .   m - +4 dagger (freeze)
rCold   . . .      Faith    .   (no shield)
rNeg    . . .      Spirit   .   a - +1 robe
rPois   .          Reflect  .   (helmet restricted)
rElec   .          Harm     .   (no cloak)
rCorr   .          Rampage  .   (no gloves)
Will    .....                   (boots unavailable)
Stlth   ++........              (no amulet)
HPRegen 0.08/turn               (no ring)
MPRegen 0.11/turn               (no ring)

@: no status effects
A: beak, talons 3
a: no special abilities


You were on level 3 of the Dungeon.
You visited 1 branch of the dungeon, and saw 3 of its levels.

You collected 91 gold pieces.

Inventory:

Hand Weapons
 m - a +4 dagger of freezing (weapon)
Armour
 a - a +1 robe (worn)
Scrolls
 c - a scroll of teleportation {unknown}
 d - a scroll of vulnerability
Potions
 b - a potion of magic
 e - a potion of mutation {unknown}
 f - a potion of resistance
 g - 2 potions of heal wounds
 h - 3 potions of ambrosia {unknown}
 i - a potion of brilliance {unknown}
 j - a potion of invisibility {unknown}
 o - a potion of lignification {unknown}


   Skills:
 - Level 2.1 Dodging
 - Level 2.0 Stealth
 - Level 2.0 Spellcasting
 + Level 6.7 Summonings


You had 4 spell levels left.
You knew the following spells:

 Your Spells              Type           Power      Damage    Failure   Level
a - Summon Small Mammal   Summ           100%       N/A       1%          1
b - Call Imp              Summ           26%        N/A       1%          2

Your spell library contained the following spells:

 Spells                   Type           Power      Damage    Failure   Level
 Call Canine Familiar     Summ           26%        N/A       3%          3
 Summon Guardian Golem    Hex/Summ       13%        N/A       14%         3
 Static Discharge         Conj/Air       1%         N/A       26%         2
 Summon Lightning Spire   Summ/Air       13%        N/A       41%         4
 Conjure Flame            Conj/Fire      1%         6-21      47%         3
 Ignite Poison            Fire/Tmut/Pois 1%         N/A       47%         3
 Sticky Flame             Conj/Fire      1%         2d3       87%         4
 Lightning Bolt           Conj/Air       0%         1d11      99%         5
 Maxwell's Capacitive Co  Air            0%         ∞         100%        8


Dungeon Overview and Level Annotations

Branches:
Dungeon (3/15)

Altars:

Annotations:
D:3 Robin


Innate Abilities, Weirdness & Mutations

You have a beak for a mouth.
You have claws for feet.


Message History

The hobgoblin is lightly wounded.
Your quokka bites the hobgoblin.
The hobgoblin barely misses you. Robin closely misses you.
A goblin comes into view. It is wielding a +0 dagger.
The hobgoblin misses you.
Your crimson imp hits Robin.
You closely miss the hobgoblin. Your peck misses the hobgoblin.
The hobgoblin is moderately wounded.
Your quokka barely misses the hobgoblin.
The hobgoblin hits you. Robin throws the goblin at you!
The goblin hits you with a +0 dagger. The hobgoblin hits you.
* * * LOW HITPOINT WARNING * * *
Your crimson imp blinks!
A goblin comes into view. It is wielding a +0 dagger.
Unknown command.
You feel much better.
Your quokka bites the hobgoblin.
The hobgoblin hits you. Robin throws the goblin at you!
The goblin barely misses you. The goblin hits you but does no damage.
The hobgoblin barely misses your quokka.
You barely miss the goblin.
Your quokka barely misses the hobgoblin.
The hobgoblin hits you. The goblin barely misses you.
The hobgoblin hits your quokka. The goblin hits you with a +0 dagger.
You closely miss the goblin. Your kick misses the goblin.
Your peck misses the goblin.
Your quokka closely misses the hobgoblin.
Your quokka bites the hobgoblin.
The hobgoblin dies!
The goblin hits you but does no damage. The goblin hits you with a +0 dagger.
Your crimson imp barely misses Robin.
You hit the goblin. You freeze the goblin.
You kill the goblin!
Your quokka closely misses the goblin.
Your crimson imp hits Robin but does no damage.
The goblin hits you with a +0 dagger. The hobgoblin hits you.
* * * LOW HITPOINT WARNING * * *
The goblin hits you with a +0 dagger.
* * * LOW HITPOINT WARNING * * *
The hobgoblin completely misses your crimson imp.
Robin hits you with a +0 dagger.
You die...

.........>....# .
#.............# #. #
#...5.....###.. .# ..
#.......#..#####.#.#.#
.......###5....#.....#
........######..#
#.#####.# ##)# # ..#
.# #)##.# .## #r@gg#
## #ggggg.... #######
#†S5.g.... ......#
.......... #####......
.........#.
###########
##........# .....#
##.......# .....#
####..### .....#


You could see Robin (ally target), 2 hobgoblins, 5 goblins, a ball python, a
friendly crimson imp (summoned) and a friendly quokka (summoned).

Vanquished Creatures
  An adder (D:2)
  A worm (D:3)
  A dart slug (D:2)
  3 ball pythons
  3 endoplasms
  2 giant cockroaches
  3 hobgoblins
  A quokka (D:1)
  3 bats (D:1)
  A frilled lizard (D:3)
  6 goblins
  4 kobolds (D:1)
  2 rats
31 creatures vanquished.

Vanquished Creatures (collateral kills)
  2 ball pythons
  2 bats (D:2)
  3 endoplasms
  2 hobgoblins
  2 kobolds (D:2)
  A goblin (D:1)
  3 rats
15 creatures vanquished.

Grand Total: 46 creatures vanquished

Notes
Turn   | Place    | Note
-------+----------+-------------------------------------------
     0 | D:1      | DocClef the Tengu Summoner began the quest for the Orb.
     0 | D:1      | Reached XP level 1. HP: 10/10 MP: 4/4
   123 | D:1      | Reached skill level 5 in Summonings
   329 | D:1      | Reached XP level 2. HP: 7/15 MP: 1/6
   906 | D:1      | Learned a level 2 spell: Call Imp
  1658 | D:2      | Reached XP level 3. HP: 19/19 MP: 4/7
  1760 | D:2      | Reached skill level 6 in Summonings
  2036 | D:2      | Found a faded altar of an unknown god.
  3046 | D:3      | Noticed Robin
  3048 | D:3      | Reached XP level 4. HP: 24/24 MP: 8/8
  3061 | D:3      | HP: 1/24 [goblin/+0 dagger[Robin] (3)]
  3061 | D:3      | Slain by Robin

Illustrated notes

Levels and vault maps discovered:
D:1:      lightli_arrival_lavapool, layout_loops_ring, item_on_display_a
D:2:      layout_basic, shapermc_ecumenical_altar_mp_highgroup,
          nicolae_underground_beach
D:3:      layout_rooms, uniq_robin

Skill      XL: |  1  2  3 |
---------------+----------+-----
Summonings     | 5 6 |  6.7
Dodging        | |  2.1
Stealth        | |  2.0
Spellcasting   | |  2.0

Action                   |  1- 3 |  4- 6 || total
-------------------------+-------+-------++-------
Melee: Unarmed           |    70 |       ||    70
       Kick              |    22 |     2 ||    24
       Peck              |    17 |     1 ||    18
       Dagger            |    20 |     9 ||    29
       Punch             |     1 |       ||     1
 Cast: Summon Small Mamm |    16 |     3 ||    19
       Call Imp          |    12 |       ||    12
  Use: Scroll            |    11 |       ||    11
       Potion            |       |     1 ||     1
 Stab: Sleeping          |     3 |       ||     3
       Distracted        |     1 |       ||     1
Armor: Robe              |    18 |     4 ||    22
Dodge: Dodged            |    72 |     9 ||    81

Table legend: (Time is in decaauts)
 A = Elapsed time spent in this place.
 B = Non-inter-level travel time spent in this place.
 C = Inter-level travel time spent in this place.
 D = Time resting spent in this place.
 E = Time spent auto-exploring this place.
 F = Levels seen in this place.
 G = Mean time per level.
                   A        B        C        D        E       F      G
               +--------+--------+--------+--------+--------+-----+--------+
         Total |   3061 |   2934 |    127 |    626 |   1985 |   3 | 1020.3 |
       Dungeon |   3061 |   2934 |    127 |    626 |   1985 |   3 | 1020.3 |
               +--------+--------+--------+--------+--------+-----+--------+

Top non-repeatable levels by time:
     D:1: 1608 daAuts
     D:2: 1285 daAuts
     D:3: 167 daAuts
